 Dungeon Crawl Stone Soup version 0.28-a0-793-g31680bbd8b (webtiles) character file.

Game seed: 16087159372479978035

7 spiderkeys the Ducker (level 1, -14/10 HPs)
             Began as a Felid Abyssal Knight on Nov 4, 2021.
             Was an Initiate of Lugonu.
             Engulfed by a cloud of flame (15 damage)
             ... on level 1 of the Dungeon.
             The game lasted 00:01:31 (1011 turns).

spiderkeys the Ducker (Felid Abyssal Knight)        Turns: 1011, Time: 00:01:32

Health: -14/10     AC:  1    Str:  9    XL:     1   Next: 91%
Magic:  3/3        EV: 18    Int: 11    God:    Lugonu [......]
Gold:   40         SH:  5    Dex: 16    Spells: 0/0 levels left
                                        Lives:  0   Deaths: 0

rFire   . . .      SeeInvis +     - Unarmed
rCold   . . .      Faith    .   (shield unavailable)
rNeg    . . .      Spirit   .   (armour unavailable)
rPois   .          Reflect  +   (helmet unavailable)
rElec   .          Harm     .   (cloak unavailable)
rCorr   .          Rampage  .   (gloves unavailable)
Will    .....                   (boots unavailable)
Stlth   ++........              e - amulet of reflection
HPRegen 0.03/turn               (no ring)
MPRegen 0.08/turn               (no ring)

@: quick
A: very small, claws 1, fangs 3, see invisible, speed 1, shaggy fur 1, stealthy
paws, no weapons or thrown items, no armour, multi-lived
a: Renounce Religion


You were on level 1 of the Dungeon.
You worshipped Lugonu.
Lugonu was noncommittal.
You visited 1 branch of the dungeon, and saw 1 of its levels.
You visited the Abyss 1 time.

You collected 40 gold pieces.


Innate Abilities, Weirdness & Mutations

You have sharp claws.
You have razor-sharp teeth.
You have supernaturally acute eyesight. (SInv)
You cover ground quickly. (Speed+)
You are covered in fur. (AC +1)
Your paws help you pounce on unaware monsters.
You are incapable of wielding weapons or throwing items.
You cannot wear armour.
You gain extra lives every three experience levels.


   Skills:
 + Level 3.1 Fighting
 + Level 3.3 Dodging
 + Level 0.8 Stealth
 - Level 2.0 Unarmed Combat
 + Level 0.3 Spellcasting
 + Level 1.9 Invocations


You couldn't memorise any spells.
You didn't know any spells.
Your spell library contained the following spells:

 Spells                   Type           Power      Damage    Failure   Level
 Stone Arrow              Conj/Erth      0%         3d7       71%         3
 Lehudib's Crystal Spear  Conj/Erth      0%         10d2      100%        8
 Animate Armour           Summ/Erth      Unusable   N/A       N/A         4

Inventory:

Jewellery
 e - an amulet of reflection (around neck)
   (You found it on level 1 of the Dungeon)
Scrolls
 b - a scroll of magic mapping {unknown}
 c - a scroll of noise {unknown}
 d - 2 scrolls of teleportation {unknown}
Potions
 a - a potion of lignification {unknown}

Dungeon Overview and Level Annotations

Branches:
Dungeon (1/15)

Altars:

#..##.# ## ##>##.# #
#.##.# #### #.##.#
#... #######.##.#
##... #.......##.#
#...#
##.#####.##.####...#
#...# ####........#
#.○@# #######..#
#§§°# ##..# #☼§§#
##..## #...# ##..#.#
§.(.:. #..#...
§§.$?... ##..#.#
..§§.!((.§§ ##..##
#####...#### ##..#
#§..# #..#


There were no monsters in sight!


Message History

The ball python barely misses you. The ball python closely misses you.
You barely miss the ball python. The ball python closely misses you. x2
You barely miss the ball python. You bite the ball python.
You kill the ball python!
Lugonu accepts your kill.
No target in view!
No target in view!
A ball python comes into view.
The ball python hisses angrily.
A ball python is nearby!
A ball python is nearby!
You closely miss the ball python. The ball python bites you.
The ball python completely misses you. 😕 HP[-1]
You take 1 damage, and now have 9/10 hp.
You barely miss the ball python. The ball python misses you. x2
The ball python barely misses you. The ball python closely misses you.
You scratch the ball python. The ball python misses you.
The ball python closely misses you.
You scratch the ball python.
You kill the ball python!
Lugonu accepts your kill.
No target in view!
No target in view!
A hobgoblin comes into view. 😎 HP[+1]
Your hp is fully restored (10).
A hobgoblin is nearby!
A hobgoblin is nearby!
You pounce on the unaware helpless hobgoblin!
You claw the hobgoblin!
You kill the hobgoblin!
Lugonu accepts your kill.
No target in view!
No target in view!
Key pressed, stopping explore.
Found an escape hatch in the floor.
There is an escape hatch in the floor here.
There is an escape hatch in the floor here.
Key pressed, stopping explore.
No target in view!
Key pressed, stopping explore.
d - 2 scrolls labelled COUR WUOFUCEA (gained 1)
You see here 17 stones.
A goblin comes into view. It is wielding a +0 dagger.
The goblin shouts!
The goblin completely misses you.
You barely miss the goblin.
The goblin hits you with a +0 dagger. 😕 HP[-2]
You take 2 damage, and now have 8/10 hp.
You scratch the goblin. The goblin closely misses you.
You closely miss the goblin. The goblin misses you.
You closely miss the goblin. You bite the goblin. The goblin misses you.
You barely miss the goblin.
The goblin hits you with a +0 dagger. 😮 HP[-2]
You take 2 damage, and now have 6/10 hp.
You are too injured to fight recklessly!
You are too injured to fight recklessly!
You barely miss the goblin. The goblin hits you with a +0 dagger.
* * * LOW HITPOINT WARNING * * *
😨 HP[-1]
You take 1 damage, and now have 5/10 hp.
You scratch the goblin.
You kill the goblin!
Lugonu accepts your kill.
Unknown command.
Key pressed, stopping explore.
Key pressed, stopping explore.
Things that are here:
a +0 dagger; a goblin corpse; 😎 HP[+5]
Your hp is fully restored (10).
Things that are here:
a +0 dagger; a goblin corpse Key pressed, stopping explore.
Key pressed, stopping explore.
Found a stone staircase leading down.
There is a stone staircase leading down here.
Key pressed, stopping explore.
You now have 40 gold pieces (gained 11).
Found a stone staircase leading down.
There is a stone staircase leading down here.
You're in a travel-excluded area, stopping explore.
You're in a travel-excluded area, stopping explore.
e - an amulet of reflection You start waiting.
Done waiting.
You start putting on your amulet.
You continue putting on your amulet of reflection. x5
You finish putting on your amulet of reflection.
You feel a shielding aura gather around you.
e - an amulet of reflection (around neck)
You are engulfed in blazing flames.
Ouch! That really hurt!
* * * LOW HITPOINT WARNING * * *
😱 HP[-9]
You take 9 damage, and now have 1/10 hp.
MASSIVE DAMAGE!! (PAUSE)
You are engulfed in blazing flames.
Ouch! That really hurt!
You die...

Action                   || total
-------------------------++-------
Melee: Unarmed           ||    16
       Bite              ||     2
Invok: Depart the Abyss  ||     1
  Use: Scroll            ||     2
 Stab: Sleeping          ||     2
Dodge: Dodged            ||    17

Levels and vault maps discovered:
D:1:      psy_arrival_dodecagon, layout_loops_ring, lemuel_flame_loot_1

Notes
Turn   | Place    | Note
-------+----------+-------------------------------------------
     0 | Abyss:1  | spiderkeys the Felid Abyssal Knight began the quest for the
                  | Orb.
     0 | Abyss:1  | Reached XP level 1. HP: 10/10 MP: 3/3
     0 | Abyss:1  | magus.rc [v1.9.10]
    27 | Abyss:1  | Found a corrupted altar of Lugonu.
    52 | Abyss:2  | You pick up a book of Armaments and begin reading...
    52 | Abyss:2  | You add the spells Stone Arrow and Lehudib's Crystal Spear
                  | to your library.
   105 | Abyss:3  | Noticed a spatial maelstrom
   138 | Abyss:3  | Noticed a ynoxinul
   139 | Abyss:3  | Noticed a small abomination
   142 | D:1      | You pass through the gate.
   142 | D:1      | Escaped the Abyss
  1010 | D:1      | HP: 1/10 [something (9)]
  1011 | D:1      | Engulfed by a cloud of flame

Vanquished Creatures
  3 ball pythons (D:1)
  An endoplasm (D:1)
  A goblin (D:1)
  A hobgoblin (D:1)
6 creatures vanquished.

Table legend:
 A = Non-vault XP
 B = Vault XP
 C = Vault XP percentage of total XP
 D = Non-vault monster count
 E = Vault monster count
 F = Vault count percentage of total count
                 A         B        C        D         E       F
            +---------+---------+-------+---------+---------+-------
      Total |      11 |       0 |   0.0 |       6 |       0 |   0.0
            +---------+---------+-------+---------+---------+-------
        D:1 |      11 |       0 |   0.0 |       6 |       0 |   0.0
            +---------+---------+-------+---------+---------+-------

Illustrated notes

Table legend:
 A = Kills in this place as a percentage of kills in entire the game.
 B = Kills by you in this place as a percentage of kills by you in the entire game.
 C = Kills by friends in this place as a percentage of kills by friends in the entire game.
 D = Other kills in this place as a percentage of other kills in the entire game.
 E = Experience gained in this place as a percentage of experience gained in the entire game.
 F = Experience gained in this place divided by the number of levels of this place that you have seen.
                   A       B       C       D       E      F
               +-------+-------+-------+-------+-------+----------------------
         Total | 100.0 | 100.0 |   N/A |   N/A | 100.0 |   2.8
       Dungeon | 100.0 | 100.0 |   N/A |   N/A | 100.0 |  11.0
               +-------+-------+-------+-------+-------+----------------------

Table legend: (Time is in decaauts)
 A = Elapsed time spent in this place.
 B = Non-inter-level travel time spent in this place.
 C = Inter-level travel time spent in this place.
 D = Time resting spent in this place.
 E = Time spent auto-exploring this place.
 F = Levels seen in this place.
 G = Mean time per level.
                   A        B        C        D        E       F      G
               +--------+--------+--------+--------+--------+-----+--------+
         Total |    890 |    890 |      0 |    100 |    650 |   4 |  222.5 |
       Dungeon |    774 |    774 |      0 |    100 |    624 |   1 |  774.0 |
         Abyss |    115 |    115 |      0 |      0 |     26 |   3 |   38.3 |
               +--------+--------+--------+--------+--------+-----+--------+

Top non-repeatable levels by time:
     D:1: 774 daAuts
 Abyss:3: 54 daAuts
 Abyss:1: 31 daAuts
 Abyss:2: 29 daAuts
